 Dungeon Crawl Stone Soup version 0.30-a0-728-gc68057be0a (console) character file.

Game seed: 14828469183775895719

133221 rlgrobin the Bludgeoner (level 17, -4/119 HPs)
             Began as a Gnoll Wanderer on Jan 31, 2023.
             Was the Champion of Hepliaklqana.
             Slain by a demonic crawler (13 damage)
             ... on level 1 of the Spider Nest on Feb 1, 2023.
             The game lasted 01:31:29 (24929 turns).

rlgrobin the Bludgeoner (Gnoll Wanderer)           Turns: 24929, Time: 01:31:29

Health: -4/119     AC: 27    Str: 15    XL:     17   Next: 14%
Magic:  32/32      EV: 10    Int: 10    God:    Hepliaklqana [******]
Gold:   2807       SH:  9    Dex: 20    Spells: 34/39 levels left

rFire   + . .      SeeInvis .    a - +3 demon whip (elec)
rCold   + . .      Faith    .    g - +1 buckler of Dim Light {+Blink rC+ Int-4 Dex+4}
rNeg    . . .      Spirit   .    N - +2 plate armour {rPois}
rPois   +          Reflect  .    f - +1 hat
rElec   .          Harm     .    H - scarf {shadows}
rCorr   .          Rampage  .    z - +1 pair of gloves
Will    +....                    F - +1 pair of boots "Teuwup" {Dex+2 Stlth+}
Stlth   ++                       W - amulet of regeneration
HPRegen 1.19/turn                M - +4 ring of protection
MPRegen 0.23/turn                R - ring of protection from fire

@: studying Maces & Flails
A: reduced essence, fangs 1, strong nose, distributed training
a: Renounce Religion, Evoke Blink, Recall Ancestor, Ancestor Identity,
Transference, Idealise


You were on level 1 of the Spider Nest.
You worshipped Hepliaklqana.
Hepliaklqana was exalted by your worship.
You visited 6 branches of the dungeon, and saw 26 of its levels.
You also visited: Ossuary, Bailey and Gauntlet.

You collected 3999 gold pieces.
You spent 1192 gold pieces at shops.

Inventory:

Hand Weapons
 a - a +3 demon whip of electrocution (weapon)
 b - a +0 sling of electrocution
Missiles
 c - 44 poisoned darts (quivered)
 d - 7 atropa-tipped darts
 v - 7 curare-tipped darts
 y - 2 throwing nets
Armour
 f - a +1 hat (worn)
 g - the +1 buckler of Dim Light (worn) {+Blink rC+ Int-4 Dex+4}
   (You acquired it on level 5 of the Dungeon)

   Int:       It affects your intelligence (-4).
   Dex:       It affects your dexterity (+4).
   rC:        It protects you from cold.
   +Blink:    It lets you blink.
 n - the +3 plate armour "Okuaj" {Rampage Regen+ Str+2}
   (You found it in a Gauntlet)

   Str:       It affects your strength (+2).
   Regen:     It increases your rate of health regeneration.
   Rampage:   It bestows one free step when moving towards enemies.
 z - a +1 pair of gloves (worn)
 F - the +1 pair of boots "Teuwup" (worn) {Dex+2 Stlth+}
   (You acquired it on level 11 of the Dungeon)

   Dex:       It affects your dexterity (+2).
   Stlth:     It makes you more stealthy.
 H - a scarf of shadows (worn)
 J - a +0 kite shield of reflection
 N - a +2 plate armour of poison resistance (worn)
Jewellery
 i - a ring of resist corrosion
 k - a ring of see invisible
 p - a ring of wizardry
 M - a +4 ring of protection (left hand)
 R - a ring of protection from fire (right hand)
 T - an amulet of guardian spirit
 W - an amulet of regeneration (around neck)
Wands
 q - a wand of roots (9)
 s - a wand of digging (13)
 w - a wand of flame (63)
 B - a wand of mindburst (12)
 D - a wand of charming (17)
 K - a wand of polymorph (5)
 U - a wand of acid (3)
Scrolls
 e - 3 scrolls of vulnerability
 h - 2 scrolls of fog
 t - 3 scrolls of identify
 u - 3 scrolls of enchant armour
 x - 6 scrolls of poison
 A - 3 scrolls of amnesia
 G - 3 scrolls of brand weapon
 I - 6 scrolls of teleportation
 O - 4 scrolls of magic mapping
 Y - 2 scrolls of blinking
 Z - 3 scrolls of silence
Potions
 l - 3 potions of ambrosia
 m - a potion of invisibility
 o - 6 potions of might
 r - 6 potions of brilliance
 C - 5 potions of curing
 E - 3 potions of haste
 P - 4 potions of heal wounds
 Q - a potion of magic
 S - 2 potions of resistance
 X - 2 potions of flight
Miscellaneous
 j - a condenser vane (inert)
 L - a lightning rod (4/4)
 V - a piece from Xom's chessboard (15/15)


   Skills:
 + Level 11.8 Fighting
 + Level 11.8 Short Blades
 + Level 12.6 Long Blades
 + Level 11.8 Axes
 + Level 17.8 Maces & Flails
 + Level 11.8 Polearms
 + Level 11.8 Staves
 + Level 11.8 Ranged Weapons
 + Level 12.6 Throwing
 + Level 12.1 Armour
 + Level 11.8 Dodging
 + Level 11.8 Stealth
 + Level 11.8 Shields
 + Level 11.8 Unarmed Combat
 + Level 11.8 Spellcasting
 + Level 10.0 Conjurations
 + Level 10.0 Hexes
 + Level 10.0 Summonings
 + Level 10.0 Necromancy
 + Level 10.0 Translocations
 + Level 10.0 Transmutations
 + Level 10.0 Fire Magic
 + Level 10.0 Ice Magic
 + Level 10.0 Air Magic
 + Level 10.0 Earth Magic
 + Level 10.0 Poison Magic
 + Level 12.8 Invocations
 + Level 12.1 Evocations


You had 34 spell levels left.
You knew the following spells:

 Your Spells              Type           Power      Damage    Failure   Level
a - Mephitic Cloud        Conj/Pois/Air  26%        N/A       21%         3
b - Blink                 Tloc           52%        N/A       10%         2

Your spell library contained the following spells:

 Spells                   Type           Power      Damage    Failure   Level
 Foxfire                  Conj/Fire      100%       2x1d9     7%          1
 Lesser Beckoning         Tloc           52%        N/A       10%         2
 Momentum Strike          Conj/Tloc      52%        3d9       10%         2
 Sublimation of Blood     Necr           26%        N/A       10%         2
 Ignite Poison            Fire/Tmut/Pois 26%        N/A       21%         3
 Inner Flame              Hex/Fire       26%        N/A       21%         3
 Portal Projectile        Hex/Tloc       52%        N/A       21%         3
 Tukima's Dance           Hex            26%        N/A       21%         3
 Airstrike                Air            13%        2d(2-18)  54%         4
 Cause Fear               Hex            13%        N/A       54%         4
 Manifold Assault         Tloc           26%        N/A       54%         4
 Petrify                  Tmut/Erth      26%        N/A       54%         4
 Summon Ice Beast         Ice/Summ       26%        N/A       54%         4
 Summon Lightning Spire   Summ/Air       26%        N/A       54%         4
 Blade Hands              Tmut           13%        N/A       88%         5
 Fireball                 Conj/Fire      13%        3d7       88%         5
 Freezing Cloud           Conj/Ice/Air   13%        6-21      88%         5
 Irradiate                Conj/Tmut      13%        3d16      88%         5
 Lightning Bolt           Conj/Air       13%        1d26      88%         5
 Summon Forest            Summ/Tloc      13%        N/A       88%         5
 Eringya's Noxious Bog    Tmut/Pois      13%        N/A       100%        6
 Simulacrum               Ice/Necr       13%        N/A       100%        6
 Summon Hydra             Summ           13%        N/A       100%        7
 Discord                  Hex            13%        N/A       100%        8
 Polar Vortex             Ice            13%        N/A       100%        9


Dungeon Overview and Level Annotations

Branches:
Dungeon (15/15)            Temple (1/1) D:5            Lair (5/5) D:8
  Swamp (2/4) Lair:2       Spider (1/4) Lair:3        Slime (0/5) Lair:5
    Orc (2/2) D:12            Elf (0/3) Orc:2        Vaults (0/5) D:13
 Depths (0/4) D:15        Ossuary (visited)          Bailey (visited)
Gauntlet (visited)

Altars:
Ashenzari
Cheibriados
Dithmenos
Elyvilon
Fedhas
Gozag
Hepliaklqana
Kikubaaqudgha
Makhleb
Nemelex Xobeh
Okawaru
Qazlal
Ru
Sif Muna
Trog
Uskayaw
Vehumet
Wu Jian
Xom
Yredelemnul
Zin
The Shining One
Jiyva

Shops:
D:9 ?   D:11 *   D:13 (   Orc:2 :!=!

Portals:
Trove: D:13 (give 6 potions of haste)

Annotations:
D:5 Dowan, Duvessa
D:10 1 runed translucent door
D:13 1 runed translucent door, Caekett's ghost, journeyman GnRe
Lair:2 Nergalle
Spider:1 Roxanne


Innate Abilities, Weirdness & Mutations

Your life essence is reduced to manifest your ancestor. (-10% HP)
You have very sharp teeth.
Your uncanny sense of smell can sniff out nearby items.
Your experience applies equally to all skills.


Message History

The demonic crawler dies!
You block the demonic crawler's attack.
The demonic crawler hits you but does no damage.
The demonic crawler barely misses you. You block the demonic crawler's attack.
The demonic crawler hits you!
* * * LOW HITPOINT WARNING * * *
You block the demonic crawler's attack.
Things that are here:
a demonic crawler corpse; a torpor snail corpse You whack the demonic crawler!
You bite the demonic crawler, but do no damage.
The demonic crawler is moderately wounded.
The demonic crawler completely misses you.
You block the demonic crawler's attack.
The demonic crawler hits you but does no damage. x2
The demonic crawler hits you!
* * * LOW HITPOINT WARNING * * *
The demonic crawler completely misses you.
Nenetl points at the demonic crawler and mumbles some strange words.
The bolt of magma hits the demonic crawler!!
You feel much better. The demonic crawler hits you!
* * * LOW HITPOINT WARNING * * *
The demonic crawler hits you but does no damage.
You block the demonic crawler's attack.
The demonic crawler hits Nenetl.
The demonic crawler misses Nenetl.
The demonic crawler hits Nenetl!!
Nenetl hits the demonic crawler with a +0 quarterstaff!
Press: ? - help, v - describe, . - travel
Here: a demonic crawler The floor.
You catch the helpless demonic crawler completely off-guard!
You hit the demonic crawler.
The demonic crawler is severely wounded.
The demonic crawler hits you!
* * * LOW HITPOINT WARNING * * *
The demonic crawler hits you!
* * * LOW HITPOINT WARNING * * *
The demonic crawler hits you!
* * * LOW HITPOINT WARNING * * *
The demonic crawler barely misses you. The demonic crawler hits you!
You die...

~≈# ~~~ ~~~###
###≈~~
~~~~###~~~~#
#~~≈~≈~~#.###
#.~~~~~##...#
#.....s.....#
####†...R@.....^
#.......#s......
#..†....#...#...
##.†#...#...# ..
##.........^.#
##..#........##
#####...##......##
##...##...###^....
#..).##..## ...


You could see the friendly Nenetl the battlemage and 2 demonic crawlers.

Vanquished Creatures
  Saint Roka (Orc:2)
  A thorn hunter (Swamp:1)
  Donald (Spider:1)
  2 balrugs
  An eleionoma (Swamp:2)
  2 bunyips (Swamp:2)
  A minotaur (Gauntlet)
  A fire dragon (D:15)
  An ice dragon (D:15)
  2 ogre magi (Orc:2)
  4 hydras
  4 centaur warriors
  11 two-headed ogres
  3 boulder beetles
  3 tengu warriors
  7 alligators
  5 death yaks
  Sonja (D:10)
  A goliath frog (Swamp:2)
  A swamp dragon (Swamp:1)
  2 spriggan druids (Swamp:1)
  2 deep trolls
  A steelbarb worm (Spider:1)
  2 lindwurms (Lair:5)
  A deep elf pyromancer (D:12)
  2 wolf spiders (Spider:1)
  An orc knight (Bailey)
  A harpy (Lair:4)
  An oklob plant (Lair:4)
  A manticore (D:12)
  An ugly thing (D:12)
  9 cyclopes
  An orc sorcerer (Orc:1)
  2 will-o-the-wisps
  2 elephants
  2 demonic crawlers (Spider:1)
  A black mamba (Lair:3)
  11 cane toads
  3 torpor snails
  3 rime drakes
  2 unseen horrors
  6 komodo dragons
  A freezing wraith (D:14)
  A minotaur zombie (Gauntlet)
  8 trolls
  A polar bear (Lair:1)
  3 meliai (D:15)
  A tarantella (Spider:1)
  10 blink frogs
  5 hornets
  4 tyrant leeches
  A dream sheep (Lair:3)
  7 slime creatures
  A centaur simulacrum (Gauntlet)
  2 spriggans
  A shadow (D:12)
  3 wraiths
  18 yaks
  6 humans (D:13)
  3 wyverns
  3 basilisks
  8 redbacks (Spider:1)
  7 vampire mosquitoes
  2 steam dragons
  A warg (Orc:2)
  4 acid dragons
  A swamp worm (Swamp:2)
  2 hell hounds (Gauntlet)
  A swamp drake (Swamp:1)
  A water moccasin (Lair:3)
  3 black bears
  16 orc warriors
  A sky beast (D:7)
  7 ice beasts
  8 wolves
  17 ogres
  7 centaurs
  A phantom (D:6)
  9 bullfrogs
  2 necrophages
  3 scorpions
  5 troll zombies (D:12)
  4 killer bees
  A howler monkey (D:12)
  2 electric eels
  4 jellies
  3 hounds (D:5)
  12 orc priests
  5 iguanas
  21 orc wizards
  3 ogre zombies (D:12)
  A mummy (Ossuary)
  11 gnolls
  4 adders
  A white imp (D:7)
  An ufetubus (D:6)
  3 worms
  6 dart slugs
  50 orcs
  2 spectral bats (Ossuary)
  15 ball pythons
  5 bats
  6 endoplasms
  3 giant cockroaches
  8 goblins
  5 hobgoblins
  3 jackals (D:1)
  4 quokkas
  3 bat simulacra (Ossuary)
  3 frilled lizards
  12 gnoll zombies (Ossuary)
  4 goblin zombies
  A hobgoblin skeleton (D:12)
  5 hobgoblin zombies
  8 kobolds
  3 kobold simulacra (Ossuary)
  9 kobold zombies (Ossuary)
  An orc skeleton (D:12)
  16 orc zombies
  5 rats
  5 rat simulacra (Ossuary)
  4 spectral goblins (Ossuary)
  3 spectral kobolds (Ossuary)
  3 spectral rats (Ossuary)
563 creatures vanquished.

Vanquished Creatures (collateral kills)
  Jorgrun (Spider:1)
  A fenstrider witch (Swamp:1)
  A fire dragon (Lair:5)
  An ice dragon (Lair:5)
  8 hydras
  A boulder beetle (Lair:4)
  A catoblepas (D:14)
  A centaur warrior (D:14)
  3 alligators (Swamp:1)
  4 death yaks
  2 pharaoh ants (Spider:1)
  A goliath frog (Swamp:2)
  A death drake (Swamp:2)
  3 swamp dragons
  3 bog bodies
  A spriggan druid (Swamp:2)
  Pikel (D:7)
  A deep elf pyromancer (D:14)
  A wolf spider (Spider:1)
  An oklob plant (Gauntlet)
  6 cyclopes
  5 elephants
  4 demonic crawlers (Spider:1)
  3 torpor snails (Lair:5)
  A black mamba (Lair:3)
  An unseen horror (shapeshifter) (D:15)
  3 rime drakes (Lair:5)
  An unseen horror (D:13)
  5 komodo dragons
  An efreet (Gauntlet)
  2 trolls
  3 tyrant leeches
  A polar bear (Lair:4)
  7 hornets
  11 blink frogs
  A centaur simulacrum (Gauntlet)
  10 slime creatures
  A vampire (D:11)
  18 yaks
  5 spriggans
  2 wraiths
  5 humans (D:13)
  2 wyverns
  7 redbacks
  3 steam dragons
  2 basilisks
  3 vampire mosquitoes (Swamp:1)
  4 swamp worms (Swamp:1)
  5 water moccasins
  An acid dragon (Lair:5)
  13 orc warriors
  An ice beast (D:8)
  A swamp drake (Swamp:2)
  A black bear (Lair:1)
  3 ogres
  5 wolves
  4 centaurs
  3 kobold brigands (D:9)
  6 bullfrogs
  3 gnoll sergeants
  5 killer bees
  A jelly (Gauntlet)
  A wyvern simulacrum (Gauntlet)
  6 orc priests
  2 gnoll boudas
  An iguana (Lair:5)
  8 orc wizards
  A boggart simulacrum (Gauntlet)
  12 gnolls
  41 orcs
  2 endoplasms (Lair:5)
  3 goblin zombies (D:12)
  3 kobolds (D:9)
  An orc skeleton (D:12)
  3 orc zombies (D:12)
290 creatures vanquished.

Vanquished Creatures (others)
  An ogre mage (D:15)
  An alligator (Swamp:1)
  A minotaur zombie (Gauntlet)
  A wyvern (D:9)
  A human (D:13)
  28 battlemagi
  An ancestor (D:5)
  4 foxfires (Swamp:2)
  9 fungi
  43 plants
90 creatures vanquished.

Grand Total: 943 creatures vanquished

Notes
Turn   | Place    | Note
-------+----------+-------------------------------------------
     0 | D:1      | rlgrobin the Gnoll Wanderer began the quest for the Orb.
     0 | D:1      | rlgrobin set off with the following items: a +2 mace, a +0
                  | falchion, 10 poisoned darts, a +0 dagger, a scroll of
                  | vulnerability, a +0 leather armour.
     0 | D:1      | Reached XP level 1. HP: 13/13 MP: 1/1
   280 | D:1      | Reached XP level 2. HP: 13/19 MP: 2/2
   490 | D:1      | Reached XP level 3. HP: 25/25 MP: 3/3
   513 | D:1      | Found a faded altar of an unknown god.
   667 | D:1      | Reached skill level 1 in Invocations
   888 | D:2      | Reached skill level 1 in Fighting
   888 | D:2      | Reached skill level 1 in Short Blades
   888 | D:2      | Reached skill level 1 in Axes
   888 | D:2      | Reached skill level 1 in Polearms
   888 | D:2      | Reached skill level 1 in Staves
   888 | D:2      | Reached skill level 1 in Ranged Weapons
   888 | D:2      | Reached skill level 1 in Dodging
   888 | D:2      | Reached skill level 1 in Stealth
   888 | D:2      | Reached skill level 1 in Shields
   888 | D:2      | Reached skill level 1 in Unarmed Combat
   888 | D:2      | Reached skill level 1 in Spellcasting
  1031 | D:2      | Found a broken altar of Ashenzari.
  1079 | D:2      | Reached XP level 4. HP: 32/32 MP: 5/5
  1624 | D:3      | Found a sacrificial altar of Ru.
  1642 | D:3      | Reached skill level 1 in Conjurations
  1642 | D:3      | Reached skill level 1 in Hexes
  1642 | D:3      | Reached skill level 1 in Summonings
  1642 | D:3      | Reached skill level 1 in Necromancy
  1642 | D:3      | Reached skill level 1 in Translocations
  1642 | D:3      | Reached skill level 1 in Transmutations
  1642 | D:3      | Reached skill level 1 in Fire Magic
  1642 | D:3      | Reached skill level 1 in Ice Magic
  1642 | D:3      | Reached skill level 1 in Air Magic
  1642 | D:3      | Reached skill level 1 in Earth Magic
  1642 | D:3      | Reached skill level 1 in Poison Magic
  1912 | D:2      | Reached XP level 5. HP: 30/37 MP: 7/7
  2512 | D:3      | Found a hazy altar of Hepliaklqana.
  2516 | D:3      | Found a hide-covered altar of Uskayaw.
  2522 | D:3      | Found a broken altar of Ashenzari.
  2526 | D:3      | Found a white marble altar of Elyvilon.
  2529 | D:3      | Found an iron altar of Okawaru.
  2533 | D:3      | Found an opulent altar of Gozag.
  2550 | D:3      | Became a worshipper of Hepliaklqana the Forgotten
  2613 | D:4      | Reached XP level 6. HP: 42/44 MP: 8/8
  2614 | D:4      | Reached skill level 5 in Long Blades
  2614 | D:4      | Reached skill level 5 in Throwing
  2635 | D:4      | Found a burning altar of Makhleb.
  2769 | D:4      | Noticed a black bear
  2787 | D:4      | Killed a black bear
  3000 | D:4      | Reached XP level 7. HP: 24/50 MP: 10/10
  3329 | D:5      | Entered Level 5 of the Dungeon
  3369 | D:5      | Identified 2 scrolls of acquirement
  3369 | D:5      | Acquired the +1 buckler of Dim Light {+Blink rC+ Int-4
                  | Dex+4}
  3381 | D:5      | Reached skill level 9 in Maces & Flails
  3384 | D:5      | Noticed Duvessa
  3387 | D:5      | Noticed Dowan
  3446 | D:5      | Acquired 916 gold pieces
  3543 | D:5      | Found a sand-covered staircase.
  3548 | Ossuary  | Entered an ossuary
  3819 | Ossuary  | Reached * piety under Hepliaklqana
  3928 | D:5      | Reached XP level 8. HP: 46/52 MP: 12/12
  4530 | D:5      | Noticed an unseen horror
  4543 | D:5      | Killed an unseen horror
  4585 | D:5      | Found a staircase to the Ecumenical Temple.
  4647 | Temple   | Entered the Ecumenical Temple
  5433 | D:6      | Found a sparkling altar of Nemelex Xobeh.
  5440 | D:6      | Reached XP level 9. HP: 58/58 MP: 14/14
  5744 | D:7      | Reached skill level 5 in Armour
  5744 | D:7      | Reached skill level 5 in Evocations
  5802 | D:7      | Reached ** piety under Hepliaklqana
  5803 | D:7      | Remembered your ancestor Nenetl as a battlemage
  6067 | D:7      | Reached skill level 10 in Maces & Flails
  6251 | D:7      | Noticed Pikel
  6260 | D:7      | Killed Pikel
  6261 | D:7      | Reached skill level 5 in Invocations
  6575 | D:8      | Reached skill level 5 in Fighting
  6575 | D:8      | Reached skill level 5 in Short Blades
  6575 | D:8      | Reached skill level 5 in Axes
  6575 | D:8      | Reached skill level 5 in Polearms
  6575 | D:8      | Reached skill level 5 in Staves
  6575 | D:8      | Reached skill level 5 in Ranged Weapons
  6575 | D:8      | Reached skill level 5 in Dodging
  6575 | D:8      | Reached skill level 5 in Stealth
  6575 | D:8      | Reached skill level 5 in Shields
  6575 | D:8      | Reached skill level 5 in Unarmed Combat
  6575 | D:8      | Reached skill level 5 in Spellcasting
  6575 | D:8      | Reached XP level 10. HP: 66/66 MP: 17/17
  6628 | D:8      | Found a flagged portal.
  6666 | Bailey   | Entered a bailey
  7066 | Bailey   | Got the Tractate on Gelid Damage
  7071 | Bailey   | Learned a level 3 spell: Mephitic Cloud
  7071 | Bailey   | Noticed an orc knight
  7097 | Bailey   | Killed an orc knight
  7098 | Bailey   | Reached skill level 11 in Maces & Flails
  7119 | Bailey   | Reached skill level 12 in Maces & Flails
  7119 | Bailey   | Reached skill level 5 in Conjurations
  7119 | Bailey   | Reached skill level 5 in Hexes
  7119 | Bailey   | Reached skill level 5 in Summonings
  7119 | Bailey   | Reached skill level 5 in Necromancy
  7119 | Bailey   | Reached skill level 5 in Translocations
  7119 | Bailey   | Reached skill level 5 in Transmutations
  7119 | Bailey   | Reached skill level 5 in Fire Magic
  7119 | Bailey   | Reached skill level 5 in Ice Magic
  7119 | Bailey   | Reached skill level 5 in Air Magic
  7119 | Bailey   | Reached skill level 5 in Earth Magic
  7119 | Bailey   | Reached skill level 5 in Poison Magic
  7119 | Bailey   | Reached XP level 11. HP: 74/74 MP: 18/20
  7281 | D:8      | Found a staircase to the Lair.
  7292 | D:8      | Reached *** piety under Hepliaklqana
  7836 | D:9      | Found a stormy altar of Qazlal.
  8060 | D:9      | Reached XP level 12. HP: 52/81 MP: 22/22
  8359 | D:9      | Found Jalo's Magic Scroll Shoppe.
  8367 | D:9      | Bought a scroll of teleportation for 45 gold pieces
  8367 | D:9      | Bought a scroll of identify for 30 gold pieces
  8367 | D:9      | Bought a scroll of identify for 30 gold pieces
  8499 | D:10     | Entered Level 10 of the Dungeon
  8705 | D:10     | Noticed Sonja
  8709 | D:10     | Killed Sonja
  8807 | D:10     | Identified the +7 rapier of Plunder {holy, rF+++ rCorr
                  | Int-3 SInv}
  8910 | D:10     | Found a runed translucent door.
  8924 | D:10     | Found a basalt altar of Yredelemnul.
  9182 | D:10     | Reached skill level 13 in Maces & Flails
  9433 | Lair:1   | Entered Level 1 of the Lair of Beasts
  9528 | Lair:1   | Reached **** piety under Hepliaklqana
 10187 | Lair:2   | Noticed a death yak
 10187 | Lair:2   | Noticed a death yak
 10187 | Lair:2   | Noticed a death yak
 10504 | Lair:2   | Found a staircase to the Swamp.
 10578 | Lair:2   | Noticed Nergalle
 10578 | Lair:2   | Noticed a death yak
 10631 | Lair:3   | Reached XP level 13. HP: 59/88 MP: 25/25
 10776 | Lair:3   | Identified the +5 short sword of Ontunu {heavy, rN+}
 11098 | Lair:3   | Reached ***** piety under Hepliaklqana
 11591 | Lair:3   | Found a hole to the Spider Nest.
 11708 | Lair:3   | Reached skill level 14 in Maces & Flails
 12107 | Lair:4   | Found a gate leading to a gauntlet.
 12114 | Gauntlet | Entered a Gauntlet
 12114 | Gauntlet | Found a transporter.
 12125 | Gauntlet | Found a transporter.
 12127 | Gauntlet | Found a transporter.
 12128 | Gauntlet | Found a transporter.
 12192 | Gauntlet | Identified the +3 plate armour "Okuaj" {Rampage Regen+
                  | Str+2}
 12204 | Gauntlet | Found a transporter.
 12204 | Gauntlet | Found a transporter.
 12204 | Gauntlet | Found a transporter.
 12299 | Gauntlet | Found a transporter.
 12299 | Gauntlet | Found a transporter.
 12321 | Gauntlet | Found a transporter.
 12413 | Gauntlet | Found a transporter.
 12431 | Gauntlet | Found a transporter.
 12432 | Gauntlet | Found a transporter.
 12433 | Gauntlet | Noticed a balrug
 12466 | Gauntlet | Killed a balrug
 12563 | Gauntlet | Found a transporter.
 12590 | Gauntlet | Noticed a minotaur
 12681 | Gauntlet | Killed a minotaur
 12772 | Gauntlet | Got the Quarto of Articulation
 12873 | Lair:4   | Reached skill level 10 in Long Blades
 12873 | Lair:4   | Reached skill level 10 in Throwing
 12882 | Lair:4   | Noticed Urug
 12892 | Lair:4   | Urug changed into Urug the harpy
 12892 | Lair:4   | Noticed Urug
 12899 | Lair:4   | Killed Urug the harpy
 13257 | Lair:4   | Reached skill level 10 in Invocations
 13261 | Lair:4   | Reached XP level 14. HP: 97/97 MP: 24/27
 13661 | Lair:5   | Entered Level 5 of the Lair of Beasts
 13813 | Lair:5   | Reached skill level 15 in Maces & Flails
 13896 | Lair:5   | Found a staircase to the Slime Pits.
 13896 | Lair:5   | Found a viscous altar of Jiyva.
 14697 | Lair:5   | Reached skill level 10 in Armour
 14697 | Lair:5   | Reached skill level 10 in Evocations
 15027 | Lair:5   | Found a runed translucent door.
 15127 | Lair:5   | Paralysed by a hornet for 2 turns
 15227 | Lair:5   | Paralysed by a hornet for 2 turns
 15745 | D:11     | Found Wiodett's General Store.
 15836 | D:11     | Bought a potion of curing for 45 gold pieces
 15836 | D:11     | Bought a potion of haste for 150 gold pieces
 16225 | D:11     | Reached skill level 10 in Fighting
 16225 | D:11     | Reached skill level 10 in Short Blades
 16225 | D:11     | Reached skill level 10 in Axes
 16225 | D:11     | Reached skill level 10 in Polearms
 16225 | D:11     | Reached skill level 10 in Staves
 16225 | D:11     | Reached skill level 10 in Ranged Weapons
 16225 | D:11     | Reached skill level 10 in Dodging
 16225 | D:11     | Reached skill level 10 in Stealth
 16225 | D:11     | Reached skill level 10 in Shields
 16225 | D:11     | Reached skill level 10 in Unarmed Combat
 16225 | D:11     | Reached skill level 10 in Spellcasting
 16302 | D:11     | Acquired the +1 pair of boots "Teuwup" {Dex+2 Stlth+}
 16631 | D:12     | Found a staircase to the Orcish Mines.
 16880 | D:12     | Reached XP level 15. HP: 101/103 MP: 26/29
 17700 | Orc:1    | Entered Level 1 of the Orcish Mines
 18021 | Orc:2    | Entered Level 2 of the Orcish Mines
 18022 | Orc:2    | Found a staircase to the Elven Halls.
 18102 | Orc:2    | Reached skill level 16 in Maces & Flails
 18437 | Orc:2    | Noticed Saint Roka
 18957 | Orc:2    | Found Varenuh's Distillery.
 18958 | Orc:2    | Found Bobloj's Distillery.
 18963 | Orc:2    | Found Sabrekon's Book Shop.
 19002 | Orc:2    | Bought a potion of resistance for 130 gold pieces
 19002 | Orc:2    | Bought a potion of flight for 39 gold pieces
 19002 | Orc:2    | Bought 2 potions of haste for 260 gold pieces
 19002 | Orc:2    | Bought a potion of heal wounds for 65 gold pieces
 19002 | Orc:2    | Bought a potion of heal wounds for 65 gold pieces
 19002 | Orc:2    | Bought a potion of curing for 39 gold pieces
 19007 | Orc:2    | Bought a potion of curing for 42 gold pieces
 19007 | Orc:2    | Bought a potion of heal wounds for 70 gold pieces
 19007 | Orc:2    | Bought a potion of heal wounds for 70 gold pieces
 19007 | Orc:2    | Bought a potion of curing for 42 gold pieces
 19007 | Orc:2    | Bought a potion of heal wounds for 70 gold pieces
 19010 | Orc:2    | Found Juakhlye's Jewellery Emporium.
 19014 | Orc:2    | Reached ****** piety under Hepliaklqana
 19136 | Orc:2    | Killed Saint Roka
 19409 | Orc:1    | Found a runed translucent door.
 19412 | Orc:1    | Noticed a balrug
 19509 | Orc:1    | Killed a balrug
 19953 | D:13     | Found a portal to a secret trove of treasure.
 19963 | D:13     | Found Jeenus's Weapon Shop.
 20320 | D:13     | Found a runed translucent door.
 20321 | D:13     | Noticed Caekett's ghost (journeyman GnRe)
 20455 | D:13     | Found a gate to the Vaults.
 20462 | D:13     | Identified the +1 plate armour of the Garden {rF- rC+ rN++}
 21372 | D:14     | Found a white marble altar of Elyvilon.
 21391 | D:14     | Reached XP level 16. HP: 109/111 MP: 28/30
 21686 | D:15     | Entered Level 15 of the Dungeon
 21968 | D:15     | Reached skill level 17 in Maces & Flails
 22180 | D:15     | Found a staircase to the Depths.
 22798 | Swamp:1  | Entered Level 1 of the Swamp
 22839 | Swamp:1  | Noticed a fenstrider witch
 22844 | Swamp:1  | Paralysed by a fenstrider witch for 4 turns
 22845 | Swamp:1  | Killed a fenstrider witch
 23095 | Swamp:1  | Noticed a thorn hunter
 23104 | Swamp:1  | Killed a thorn hunter
 23837 | Swamp:2  | Identified the +9 scimitar "Ytil" {freeze, Str+4}
 23938 | Swamp:2  | Learned a level 2 spell: Blink
 24434 | Spider:1 | Entered Level 1 of the Spider Nest
 24434 | Spider:1 | Noticed Roxanne
 24572 | Spider:1 | Noticed Jorgrun
 24587 | Spider:1 | Killed Jorgrun
 24588 | Spider:1 | Reached XP level 17. HP: 60/119 MP: 32/32
 24645 | Spider:1 | Noticed Donald
 24660 | Spider:1 | Killed Donald
 24763 | Spider:1 | Reached skill level 10 in Conjurations
 24763 | Spider:1 | Reached skill level 10 in Hexes
 24763 | Spider:1 | Reached skill level 10 in Summonings
 24763 | Spider:1 | Reached skill level 10 in Necromancy
 24763 | Spider:1 | Reached skill level 10 in Translocations
 24763 | Spider:1 | Reached skill level 10 in Transmutations
 24763 | Spider:1 | Reached skill level 10 in Fire Magic
 24763 | Spider:1 | Reached skill level 10 in Ice Magic
 24763 | Spider:1 | Reached skill level 10 in Air Magic
 24763 | Spider:1 | Reached skill level 10 in Earth Magic
 24763 | Spider:1 | Reached skill level 10 in Poison Magic
 24929 | Spider:1 | Slain by a demonic crawler

Illustrated notes

Levels and vault maps discovered:
D:1:      shiori_arrival_maze, layout_basic, nicolae_ecumenical_snake_handling,
          minmay_vboxes
D:2:      layout_basic, basic_altar, guppyfry_early_orc_mine
D:3:      layout_loops_cross, nicolae_ru_great_annihilating_truth,
          nicolae_overflow_hallway_of_the_gods, bh_walls_and_bars
D:4:      layout_rooms, mainiacjoe_overflow_24_doors, minmay_distorted
D:5:      layout_basic, minmay_temple_entry_antechambers,
          nicolae_ossuary_entry_plus, uniq_duvessa
D:6:      layout_basic, nicolae_overflow_crystal_walls, grunt_ministairs_6
D:7:      layout_basic, uniq_pikel
D:8:      layout_cave_pools, hellmonk_lair_entry_icy, enter_bailey_2
D:9:      layout_basic, mainiacjoe_overflow_tiny_flanked, serial_shops,
          nicolae_shop_hallway_plus, minmay_alternating_orb
D:10:     layout_roguey, dk_yredelemnul_ordeal, interstate_on_off,
          minmay_misc_feat_rugged, uniq_sonja
D:11:     layout_roguey, serial_shops, nicolae_shop_waterfront
D:12:     layout_cave_pods, zombieorc2_lemuel, serial_rivers,
          chequers_serial_rivers_micro_a, chequers_serial_rivers_small_a,
          chequers_serial_rivers_large_a, chequers_serial_rivers_room_b
D:13:     layout_roguey, ximxim_vaults_locker_room, serial_shops,
          nicolae_shop_behind_doors, ebering_ghost_inner_flame, enter_trove_0,
          minmay_crystal_water
D:14:     layout_basic, minmay_misc_feat_more_columns, elyvilon_altar_1
D:15:     grunt_enter_depths_hoard, layout_irregular_city,
          minmay_misc_feat_tower, minmay_fractal_squares_diagonal_5
Temple:   minmay_temple_curvy_loop
Lair:1:   layout_hall_layers, infiniplex_staircase_pool_2, grunt_megastairs_3,
          lemuel_fruit_tree
Lair:2:   layout_chaotic_city, skrybe_swamp_entry_bodies, uniq_nergalle
Lair:3:   layout_big_grid, spider_nest_entry_a, minmay_shattered_shrine
Lair:4:   layout_loops_ring, gauntlet_entry_generic, grunt_megastairs_2,
          uniq_urug
Lair:5:   guppyfry_lair_end_dragon, layout_cave_pods, wormcave,
          nicolae_slime_entry_slimehenge, infiniplex_staircase_pool
Swamp:1:  layout_basic_swamp, evilmike_swamp_ruin_house_6
Swamp:2:  layout_falls_marsh, nicolae_swamp_ascending_descending, swamp_pool5
Spider:1: layout_spider_delve, worms_lemuel, uniq_jorgrun, uniq_roxanne,
          uniq_donald
Orc:1:    dreamdust_dug_too_deep, layout_caves
Orc:2:    st_orc_open, layout_caves, basic_altar, uniq_saint_roka

Skill      XL: |  1  2  3  4  5  6  7  8  9 10 11 12 13 14 15 16 17 |
---------------+----------------------------------------------------+-----
Invocations    | 1 2 3 4 5 7 8 10 11 12 | 12.8
Fighting       | 1 2 3 5 6 7 8 9 10 11 | 11.8
Short Blades   | 1 2 3 5 6 7 8 9 10 11 | 11.8
Axes           | 1 2 3 5 6 7 8 9 10 11 | 11.8
Polearms       | 1 2 3 5 6 7 8 9 10 11 | 11.8
Staves         | 1 2 3 5 6 7 8 9 10 11 | 11.8
Ranged Weapons | 1 2 3 5 6 7 8 9 10 11 | 11.8
Dodging        | 1 2 3 5 6 7 8 9 10 11 | 11.8
Stealth        | 1 2 3 5 6 7 8 9 10 11 | 11.8
Shields        | 1 2 3 5 6 7 8 9 10 11 | 11.8
Unarmed Combat | 1 2 3 5 6 7 8 9 10 11 | 11.8
Spellcasting   | 1 2 3 5 6 7 8 9 10 11 | 11.8
Conjurations   | 1 2 3 4 5 6 7 8 9 10 | 10.0
Hexes          | 1 2 3 4 5 6 7 8 9 10 | 10.0
Summonings     | 1 2 3 4 5 6 7 8 9 10 | 10.0
Necromancy     | 1 2 3 4 5 6 7 8 9 10 | 10.0
Translocations | 1 2 3 4 5 6 7 8 9 10 | 10.0
Transmutations | 1 2 3 4 5 6 7 8 9 10 | 10.0
Fire Magic     | 1 2 3 4 5 6 7 8 9 10 | 10.0
Ice Magic      | 1 2 3 4 5 6 7 8 9 10 | 10.0
Air Magic      | 1 2 3 4 5 6 7 8 9 10 | 10.0
Earth Magic    | 1 2 3 4 5 6 7 8 9 10 | 10.0
Poison Magic   | 1 2 3 4 5 6 7 8 9 10 | 10.0
Armour         | 3 4 5 7 8 9 10 11 12 | 12.1
Evocations     | 3 4 5 7 8 9 10 11 12 | 12.1
Long Blades    | 5 6 8 9 10 11 12 | 12.6
Throwing       | 5 6 8 9 10 11 12 | 12.6
Maces & Flails | 9 10 12 13 14 15 16 17 | 17.8

Action                     |  1- 3 |  4- 6 |  7- 9 | 10-12 | 13-15 | 16-18 || total
---------------------------+-------+-------+-------+-------+-------+-------++-------
  Melee: Mace              |   100 |   143 |   360 |   322 |   100 |       ||  1025
         Bite              |    10 |    18 |    55 |    53 |   213 |    77 ||   426
         Punch             |     2 |       |       |       |       |       ||     2
         Demon whip        |       |       |       |       |  1092 |   430 ||  1522
   Fire: Sling             |     3 |    22 |    39 |     9 |     4 |       ||    77
   Cast: Mephitic Cloud    |       |       |       |     1 |       |       ||     1
 Invoke: Ancestor Identity |       |       |     1 |       |       |       ||     1
         Recall Ancestor   |       |       |     2 |     5 |     3 |     3 ||    13
         Ancestor Life: Ba |       |       |     1 |       |       |       ||     1
         Idealise          |       |       |       |     1 |     3 |     1 ||     5
  Evoke: Wand              |       |       |       |     5 |    10 |     4 ||    19
         Lightning rod     |       |       |       |       |     8 |       ||     8
         Condenser vane    |       |       |       |       |       |     1 ||     1
    Use: Scroll            |       |       |    15 |     8 |     9 |     6 ||    38
         Potion            |       |       |     1 |     6 |     9 |     9 ||    25
   Stab: Sleeping          |       |     2 |    11 |     2 |       |     1 ||    16
         Paralysed         |       |     1 |       |       |       |       ||     1
         Distracted        |       |       |     3 |    11 |    17 |    13 ||    44
         Confused          |       |       |       |     2 |       |       ||     2
 Armour: Ring mail         |    44 |    28 |       |       |       |       ||    72
         Leather armour    |     2 |       |       |       |       |       ||     2
         Troll leather arm |       |    11 |    62 |    40 |    39 |       ||   152
         Skin              |       |       |       |       |     2 |       ||     2
         Plate armour      |       |       |       |       |   414 |   276 ||   690
  Dodge: Dodged            |    49 |    82 |   159 |   183 |   374 |   202 ||  1049
  Block: Buckler           |       |    26 |    78 |    90 |   293 |   173 ||   660

Table legend: (Time is in decaauts)
 A = Elapsed time spent in this place.
 B = Non-inter-level travel time spent in this place.
 C = Inter-level travel time spent in this place.
 D = Time resting spent in this place.
 E = Time spent auto-exploring this place.
 F = Levels seen in this place.
 G = Mean time per level.
                   A        B        C        D        E       F      G
               +--------+--------+--------+--------+--------+-----+--------+
         Total |  24381 |  22671 |   1710 |   2558 |  13911 |  29 |  840.7 |
       Dungeon |  13343 |  12382 |    961 |    970 |   8421 |  15 |  889.5 |
        Temple |    219 |    196 |     23 |      0 |    192 |   1 |  219.0 |
          Lair |   5414 |   4963 |    451 |    496 |   3068 |   5 | 1082.8 |
         Swamp |   1619 |   1485 |    134 |    353 |    739 |   2 |  809.5 |
   Spider Nest |    453 |    453 |      0 |    116 |    176 |   1 |  453.0 |
  Orcish Mines |   1796 |   1658 |    138 |    279 |    934 |   2 |  898.0 |
       Ossuary |    315 |    315 |      0 |      0 |    104 |   1 |  315.0 |
        Bailey |    516 |    516 |      0 |     51 |    211 |   1 |  516.0 |
      Gauntlet |    703 |    703 |      0 |    293 |     65 |   1 |  703.0 |
               +--------+--------+--------+--------+--------+-----+--------+

Top non-repeatable levels by time:
  Lair:5: 1742 daAuts
  Lair:3: 1209 daAuts
     D:4: 1094 daAuts
    D:12: 1079 daAuts
     D:9: 1018 daAuts
    D:14: 1013 daAuts
   Orc:2: 982 daAuts
    D:13: 957 daAuts
    D:10: 931 daAuts
 Swamp:1: 905 daAuts
     D:2: 877 daAuts
    D:15: 866 daAuts
  Lair:2: 859 daAuts
     D:1: 852 daAuts
     D:6: 844 daAuts
